 Dungeon Crawl Stone Soup version 0.30-a0-779-g7971cf19c3 (webtiles) character file.

Game seed: 7888006823913197344

59 Smoke131 the Trooper (level 4, 41/41 HPs)
             Began as an Ogre Gladiator on Feb 17, 2023.
             Quit the game on level 3 of the Dungeon.
             The game lasted 00:03:37 (1725 turns).

Smoke131 the Trooper (Ogre Gladiator)               Turns: 1725, Time: 00:03:37

Health: 41/41      AC:  3    Str: 15 (17) XL:     4   Next: 3%
Magic:  4/4        EV: 10    Int: 11 (13) God:
Gold:   67         SH:  0    Dex:  9 (11) Spells: 3/3 levels left

rFire   . . .      SeeInvis .    a - +0 war axe
rCold   . . .      Faith    .    (no shield)
rNeg    . . .      Spirit   .    b - +0 robe
rPois   .          Reflect  .    c - +0 hat
rElec   .          Harm     .    (no cloak)
rCorr   .          Rampage  .    (gloves unavailable)
Will    .....                    (boots unavailable)
Stlth   +                        (no amulet)
HPRegen 0.26/turn                (no ring)
MPRegen 0.09/turn                (no ring)

@: no status effects
A: large, unfitting armour, tough skin 1, talons 1, clever 1, frail 1
a: no special abilities


You were on level 3 of the Dungeon.
You visited 1 branch of the dungeon, and saw 3 of its levels.

You collected 67 gold pieces.

Inventory:

Hand Weapons
 a - a +0 war axe (weapon)
Missiles
 d - 3 throwing nets (quivered)
 e - a large rock
 i - 23 stones
 q - 4 atropa-tipped darts
Armour
 b - a +0 robe (worn)
 c - a +0 hat (worn)
Wands
 p - a wand of iceblast (3)
Scrolls
 h - a scroll of fog
 l - a scroll of enchant armour {unknown}
 m - a scroll of acquirement {unknown}
Potions
 k - a potion of cancellation
 r - 3 potions of heal wounds


   Skills:
 + Level 3.6 Fighting
 + Level 3.5 Axes
 + Level 2.6 Throwing
 + Level 3.1 Dodging


You had 3 spell levels left.
You didn't know any spells.
Your spell library contained the following spells:

 Spells                   Type           Power      Damage    Failure   Level
 Magic Dart               Conj           0%         1d3       34%         1
 Call Imp                 Summ           0%         N/A       47%         2
 Mephitic Cloud           Conj/Pois/Air  0%         N/A       71%         3


Dungeon Overview and Level Annotations

Branches:
Dungeon (3/15)

Altars:
Xom

Annotations:
D:3 Jessica


Innate Abilities, Weirdness & Mutations

You are too large for most types of armour.
You have tough skin. (AC +1)
You have sharp toenails.
Your mind is acute. (Int +4, Str/Dex -1)
You are frail. (-10% HP)


Message History

The jackal is severely wounded.
The jackal bites you but does no damage. x2
You closely miss the jackal.
The jackal is severely wounded.
The jackal barely misses you.
The jackal bites you but does no damage.
You barely miss the jackal.
The jackal is severely wounded.
The jackal bites you.
The jackal bites you but does no damage.
You barely miss the jackal.
The jackal is severely wounded.
The jackal bites you but does no damage.
You closely miss the jackal.
The jackal is severely wounded.
The jackal closely misses you. The jackal bites you.
You closely miss the jackal.
The jackal is severely wounded.
The jackal bites you.
Jessica mumbles some strange words.
Jessica seems to speed up.
The jackal bites you but does no damage.
You slash the jackal!
You kill the jackal!
You hit the rat.
You kill the rat!
You barely miss the goblin. The goblin hits you but does no damage.
Jessica mumbles some strange words.
Jessica blinks!
The goblin hits you with a +0 club.
You barely miss the goblin. The goblin closely misses you.
It was a potion of degeneration.
There was something very wrong with that liquid.
You feel weakened.
You feel dopey.
You feel clumsy. The goblin hits you with a +0 club.
It was a potion of mutation.
You feel extremely strange.
Your toenails lengthen and sharpen.
You feel clever.
You feel frail. The goblin barely misses you.
Save game and exit?
Okay, then.
Are you sure you want to abandon this character and quit the game? (Confirm with "yes".)

*~**~~**~**,***,,*#.##.^_^..**
*~~~~∩~*~*,,,,,,**#....^.^.#*
*~~~~~~*~**,***** #.........**
****~~**~**,* ##.........,*
****~~****~~**,*
###..........,*
*,,~~~~~~~~~~***
#....†.......,* *,**~~****~~**
##.##.)........# *,,****
###**#####..##..........*
**,,* #.# #@g@..####....>...#*
*#.#####.####.#####
##........## #..h....#....#
#..........# #####.#...####
##..........# *****#...###
#...........# **..........#*
#.......<...# *,.....g....[#*
#...######### ,,...§r.......#
#............ ,,.........>..#
##.#......§§≈


You could see Jessica (fast) and a goblin.

Vanquished Creatures
  3 adders (D:2)
  A bat (D:1)
  2 endoplasms (D:2)
  5 goblins
  4 hobgoblins
  3 jackals (D:3)
  3 kobolds (D:1)
  3 quokkas
  2 ball pythons
  2 rats (D:3)
28 creatures vanquished.

Notes
Turn   | Place    | Note
-------+----------+-------------------------------------------
     0 | D:1      | Smoke131 the Ogre Gladiator began the quest for the Orb.
     0 | D:1      | Reached XP level 1. HP: 22/22 MP: 1/1
   532 | D:1      | You fall into a shaft and drop 1 floor!
   547 | D:2      | Reached XP level 2. HP: 17/31 MP: 2/2
   862 | D:1      | Reached XP level 3. HP: 32/37 MP: 3/3
  1669 | D:3      | Found a shimmering altar of Xom.
  1697 | D:3      | Noticed Jessica
  1711 | D:3      | Reached XP level 4. HP: 45/45 MP: 4/4
  1724 | D:3      | Gained mutation: You have sharp toenails. [potion of
                  | mutation]
  1724 | D:3      | Gained mutation: Your mind is acute. (Int +4, Str/Dex -1)
                  | [potion of mutation]
  1724 | D:3      | Gained mutation: You are frail. (-10% HP) [potion of
                  | mutation]
  1725 | D:3      | Quit the game

Illustrated notes

Levels and vault maps discovered:
D:1:      eino_arrival_water_cross, layout_basic
D:2:      layout_basic
D:3:      layout_rooms, xom_teletrap_fun, nicolae_ru_path_of_blood,
          demons_altar, gup_sewer_entry_bubbles, uniq_jessica

Skill      XL: |  1  2 |
---------------+-------+-----
Fighting       | 3 |  3.6
Dodging        | 3 |  3.1
Axes           | |  3.5
Throwing       | |  2.6

Action                     |  1- 3 |  4- 6 || total
---------------------------+-------+-------++-------
  Melee: War axe           |    90 |    12 ||   102
    Use: Scroll            |     5 |       ||     5
         Potion            |       |     2 ||     2
 Armour: Robe              |    38 |     8 ||    46
  Dodge: Dodged            |    51 |     7 ||    58

Table legend: (Time is in decaauts)
 A = Elapsed time spent in this place.
 B = Non-inter-level travel time spent in this place.
 C = Inter-level travel time spent in this place.
 D = Time resting spent in this place.
 E = Time spent auto-exploring this place.
 F = Levels seen in this place.
 G = Mean time per level.
                   A        B        C        D        E       F      G
               +--------+--------+--------+--------+--------+-----+--------+
         Total |   1758 |   1758 |      0 |    350 |   1013 |   3 |  586.0 |
       Dungeon |   1758 |   1758 |      0 |    350 |   1013 |   3 |  586.0 |
               +--------+--------+--------+--------+--------+-----+--------+

Top non-repeatable levels by time:
     D:2: 908 daAuts
     D:1: 766 daAuts
     D:3: 84 daAuts
